 Dungeon Crawl Stone Soup version 0.26-a0-52-gd53d4cd058 (webtiles) character file.

Game seed: 715126177125562455

1307 Aramant the Covert (level 8, -8/42 HPs)
             Began as a Spriggan Assassin on June 5, 2020.
             Was an Initiate of Dithmenos.
             Mangled by a wyvern (12 damage)
             ... on level 9 of the Dungeon.
             The game lasted 00:23:50 (4967 turns).

Aramant the Covert (Spriggan Assassin)              Turns: 4967, Time: 00:23:51

Health: -8/42      AC:  7    Str:  8    XL:     8   Next: 32%
Magic:  9/9        EV: 23    Int: 13    God:    Dithmenos [......]
Gold:   275        SH:  0    Dex: 24    Spells: 7/7 levels left

rFire    . . .     SeeInvis +   a - +2 dagger
rCold    . . .     Gourm    .   (shield restricted)
rNeg     . . .     Faith    .   b - +0 robe
rPois    .         Spirit   .   (helmet restricted)
rElec    .         Reflect  .   c - +0 cloak
rCorr    .         Harm     .   (gloves unavailable)
MR       +....                  (boots unavailable)
Stlth    +++++.....             (no amulet)
HPRegen  0.14/turn              p - +4 ring of protection
MPRegen  0.11/turn              i - +6 ring of dexterity

@: very quick
A: very small, unfitting armour, see invisible, herbivore, speed 3, slow
metabolism 2
a: Renounce Religion


You were on level 9 of the Dungeon.
You worshipped Dithmenos.
Dithmenos was noncommittal.
You were not hungry.

You visited 3 branches of the dungeon, and saw 13 of its levels.

You collected 275 gold pieces.

Inventory:

Hand Weapons
 a - a +2 dagger (weapon)
Missiles
 d - 8 poisoned darts (quivered)
 e - 3 curare-tipped darts
Armour
 b - a +0 robe (worn)
 c - a +0 cloak (worn)
Jewellery
 i - a +6 ring of dexterity (right hand)
 o - an uncursed ring of poison resistance
 p - a +4 ring of protection (left hand)
 q - a +4 ring of protection
 r - an uncursed ring of positive energy {unknown}
Wands
 k - a wand of polymorph (8)
Scrolls
 m - a scroll of remove curse
Potions
 g - a potion of degeneration
 h - a potion of stabbing
Comestibles
 f - 3 rations


   Skills:
 + Level 3.6 Fighting
 + Level 6.9 Short Blades
 + Level 2.2 Throwing
 + Level 5.7 Dodging
 + Level 10.5 Stealth
 + Level 0.5 Evocations


You had 7 spell levels left.
You didn't know any spells.
Your spell library was empty.

Dungeon Overview and Level Annotations

Branches:
Dungeon (9/15)             Temple (1/1) D:7            Lair (3/6) D:9
  Swamp: Lair:2-4    Shoals: Lair:2-4     Snake: Lair:2-4    Spider: Lair:2-4
    Orc: D:9-12

Altars:
Ashenzari
Cheibriados
Dithmenos
Elyvilon
Fedhas
Gozag
Hepliaklqana
Kikubaaqudgha
Makhleb
Nemelex Xobeh
Okawaru
Qazlal
Ru
Sif Muna
Trog
Vehumet
Wu Jian
Xom
Yredelemnul
Zin
The Shining One

Shops:
D:5 (

Annotations:
Lair:2 Sonja


Innate Abilities, Weirdness & Mutations

You are very small and have problems with some larger weapons.
You are too small for most types of armour.
You have supernaturally acute eyesight. (SInv)
You are a herbivore.
You cover ground extremely quickly.
You need to consume almost no food.


Message History

The howler monkey hits you. The orc misses you. The worker ant bites you.
The orc priest mumbles some strange prayers to Beogh against you.
Beogh smites you!
* * * LOW HITPOINT WARNING * * *
The howler monkey hoots and howls with incredible vigour!
The worker ant completely misses you.
The orc priest looks satisfied for a moment.
There is a stone staircase leading down here.
The worker ant completely misses you.
You climb downwards.
There is a stone staircase leading up here.
The worker ant misses you.
A water moccasin comes into view.
A worker ant comes into view.
The worker ant twitches its antennae in your direction.
The worker ant waves its antennae.
The wyvern hisses angrily.
You see here a ration.
The wyvern bites you!
You die...

#...###....≈≈.......
#...##....≈≈........
#...#<...≈....≈≈....
#...#....≈..≈≈.S≈...
#...#.....≈≈....≈...
#...'........⌠≈≈....
#...##......≈≈⌠.....
#...##la.%.≈a...≈≈..
#....@.....≈..≈≈..≈.
######......≈≈....≈.
#..........≈≈..
#.........≈≈...
#..###≈≈≈≈≈≈## #...
#≈≈≈≈## #.... #####
#....


You could see a wyvern and 2 worker ants.

Vanquished Creatures
  A spiny frog (Lair:2)
  An ice beast (D:5)
  A necrophage (D:9)
  An ogre (D:8)
  2 centaurs
  A crocodile (Lair:2)
  3 bullfrogs
  A crimson imp (D:5)
  A jelly (D:7)
  An orc priest (D:5)
  2 orc wizards
  A worker ant (D:9)
  2 howler monkey zombies
  6 adders
  2 shadow imps
  An ooze (D:6)
  4 leopard geckos
  3 orcs
  A ball python (D:4)
  2 giant cockroaches
  2 hobgoblins (D:3)
  3 kobolds
  A quokka (D:8)
  A bat (D:4)
  A leopard gecko skeleton (D:7)
  A quokka zombie (D:5)
46 creatures vanquished.

Vanquished Creatures (others)
  2 plants (Lair:2)
2 creatures vanquished.

Grand Total: 48 creatures vanquished

Notes
Turn   | Place    | Note
-------+----------+-------------------------------------------
     0 | D:1      | Aramant the Spriggan Assassin began the quest for the Orb.
     0 | D:1      | Reached XP level 1. HP: 10/10 MP: 2/2
   189 | D:2      | Reached skill level 6 in Stealth
   189 | D:2      | Reached XP level 2. HP: 15/15 MP: 3/3
   375 | D:3      | Noticed a big kobold
   499 | D:4      | Noticed a phantom
   509 | D:5      | Entered Level 5 of the Dungeon
   663 | D:5      | Reached XP level 3. HP: 12/18 MP: 4/4
   813 | D:5      | Reached XP level 4. HP: 2/23 MP: 5/5
  1116 | D:5      | Found Mibbaduh's Antique Weapon Shoppe.
  1151 | D:5      | Reached skill level 7 in Stealth
  1154 | D:5      | Noticed an ice beast
  1160 | D:5      | Killed an ice beast
  1160 | D:5      | Reached XP level 5. HP: 27/27 MP: 6/6
  1491 | D:6      | Found a shadowy altar of Dithmenos.
  1491 | D:6      | Found a glowing silver altar of Zin.
  1491 | D:6      | Found a hazy altar of Hepliaklqana.
  1519 | D:6      | Became a worshipper of Dithmenos the Shadowed
  1546 | D:6      | Noticed a necrophage
  1846 | D:7      | Reached XP level 6. HP: 32/32 MP: 7/7
  1855 | D:7      | Reached skill level 5 in Short Blades
  1855 | D:7      | Reached skill level 8 in Stealth
  1871 | D:7      | Found a staircase to the Ecumenical Temple.
  1881 | Temple   | Entered the Ecumenical Temple
  2832 | D:8      | Reached XP level 7. HP: 35/35 MP: 8/8
  2870 | D:9      | Noticed a wyvern
  2894 | D:9      | Found a staircase to the Lair.
  2903 | Lair:1   | Entered Level 1 of the Lair of Beasts
  3075 | Lair:1   | Reached skill level 9 in Stealth
  3081 | Lair:1   | Noticed a hippogriff
  3112 | Lair:1   | Noticed a basilisk
  3232 | Lair:1   | Noticed a spiny frog
  3626 | Lair:2   | Noticed a spiny frog
  3633 | Lair:2   | Killed a spiny frog
  3633 | Lair:2   | Reached skill level 5 in Dodging
  3661 | Lair:2   | Noticed a basilisk
  3681 | Lair:2   | Reached skill level 10 in Stealth
  3681 | Lair:2   | Reached XP level 8. HP: 38/40 MP: 9/9
  3687 | Lair:2   | Noticed a hippogriff
  3701 | Lair:2   | Noticed a shapeshifter
  3701 | Lair:2   | a hippogriff changed into a shapeshifter
  3702 | Lair:2   | Noticed a harpy
  3702 | Lair:2   | a shapeshifter changed into a harpy
  3702 | Lair:2   | Noticed Sonja
  3706 | Lair:2   | Noticed a hornet
  3706 | Lair:2   | a harpy changed into a hornet
  4053 | Lair:3   | Noticed a blink frog
  4053 | Lair:3   | Noticed a blink frog
  4060 | Lair:3   | Noticed a blink frog
  4949 | D:8      | HP: 2/42 [orc priest/divine providence (14)]
  4967 | D:9      | Mangled by a wyvern

Illustrated notes

Levels and vault maps discovered:
D:1:      dpeg_arrival_solitude, layout_basic, xom_teletrap_fun
D:2:      layout_basic, kennysheep_cluttered_room, uniq_robin
D:3:      layout_basic, first_ration, chequers_serial_rivers_micro_e,
          grunt_qazlal_clouds
D:4:      layout_basic, st_stairs_8, dk_yredelemnul_ordeal
D:5:      layout_loops_ring, serial_shops, shop, uniq_crazy_yiuf_cottage
D:6:      layout_loops_ring, gammafunk_temple_overflow_claw, lightli_orcish_oven
D:7:      layout_loops_ring, eat_drink_and_be_merry_uskayaw,
          minmay_temple_entry_sparse_star, serial_shops, shop, grunt_livestock,
          nicolae_ru_the_path_less_chosen
D:8:      layout_cave_pools, chequers_serial_rivers_micro_e, fedhas_altar_2,
          uniq_joseph
D:9:      cheibrodos_helix_gallery, layout_gridville, lair_entry_dummy
Temple:   hc_temple_tempest_star
Lair:1:   layout_regular_city, grunt_megastairs_3, uniq_nergalle
Lair:2:   layout_regular_city, spider_nest_entry_funnel_web, uniq_sonja
Lair:3:   layout_layer_cave, swamp_mist, ebering_ghost_inner_flame,
          lemuel_fruit_tree, grunt_megastairs_5

Skill      XL: |  1  2  3  4  5  6  7 |
---------------+----------------------+-----
Stealth        | 6 7 8 10 | 10.5
Fighting       | 2 3 |  3.6
Short Blades   | 3 4 5 6 |  6.9
Dodging        | 2 3 4 5 |  5.7
Throwing       | |  2.2
Evocations     | |  0.5

Action                   |  1- 3 |  4- 6 |  7- 9 || total
-------------------------+-------+-------+-------++-------
Melee: Dagger            |    73 |   145 |   127 ||   345
Evoke: Wand              |       |       |     5 ||     5
  Use: Scroll            |     1 |     3 |     7 ||    11
       Potion            |       |     3 |     2 ||     5
 Stab: Distracted        |     1 |     2 |       ||     3
       Sleeping          |     1 |     8 |     4 ||    13
  Eat: Ration            |       |       |     1 ||     1
Armor: Robe              |     9 |     6 |    11 ||    26
Dodge: Dodged            |    65 |    89 |   104 ||   258

Table legend:
 A = Non-vault XP
 B = Vault XP
 C = Vault XP percentage of total XP
 D = Non-vault monster count
 E = Vault monster count
 F = Vault count percentage of total count
                 A         B        C        D         E       F
            +---------+---------+-------+---------+---------+-------
      Total |    1650 |     218 |  11.7 |      44 |       2 |   4.3
            +---------+---------+-------+---------+---------+-------
        D:1 |       4 |       0 |   0.0 |       2 |       0 |   0.0
        D:2 |      16 |       0 |   0.0 |       2 |       0 |   0.0
        D:3 |       7 |       0 |   0.0 |       4 |       0 |   0.0
        D:4 |       3 |       0 |   0.0 |       2 |       0 |   0.0
        D:5 |     259 |       0 |   0.0 |       7 |       0 |   0.0
        D:6 |      38 |       0 |   0.0 |       4 |       0 |   0.0
        D:7 |     231 |       0 |   0.0 |       8 |       0 |   0.0
        D:8 |     283 |       0 |   0.0 |       8 |       0 |   0.0
        D:9 |      77 |     125 |  61.9 |       3 |       1 |  25.0
     Lair:1 |      93 |      93 |  50.0 |       1 |       1 |  50.0
     Lair:2 |     639 |       0 |   0.0 |       3 |       0 |   0.0
            +---------+---------+-------+---------+---------+-------
